 Dungeon Crawl Stone Soup version 0.30-a0-1070-gd49b78fada (webtiles) character file.

Game seed: 16856751623253894663

712831 Lavandula the Executioner (level 27, -1/290 HPs)
             Began as a Demonspawn Gladiator on Apr 12, 2023.
             Was the Champion of Makhleb.
             Slain by an orc warlord
             ... wielding a +4 great sword
              (45 damage)
             ... on level 12 of a ziggurat on Apr 13, 2023.
             The game lasted 04:36:31 (70658 turns).

Lavandula the Executioner (Demonspawn Gladiator)   Turns: 70658, Time: 04:36:31

Health: -1/290     AC: 46    Str: 25      XL:     27
Magic:  0/15       EV: 10    Int: 12 (14) God:    Makhleb [******]
Gold:   6422       SH:  9    Dex: 11      Spells: 24/43 levels left

rFire   + + +      SeeInvis +    P - +5 executioner's axe (antimagic)
rCold   + + +      Faith    .    (shield currently unavailable)
rNeg    . . .      Spirit   +    d - +10 crystal plate armour of the Telling Gods {+Blink rPois Str+3}
rPois   +          Reflect  +    V - +0 hat "Adimua" {*Corrode Drain rF+++ Int+3}
rElec   +          Rampage  +    i - +0 cloak of Shadows and Fog {Harm Regen+ MP+9 Str-4}
rCorr   +          Clarity  +    (gloves unavailable)
Will    +++..      Harm     + .  j - +2 pair of boots {rampage} Stlth
                                 U - amulet of Qyqona {Reflect rElec Will+ Dex-2 SH+5 Stlth+}
HPRegen 1.48/turn                s - ring "Arueg" {rPois rC+++ Dex-3 SInv Stlth-}
MPRegen 0.28/turn                b - ring of resist corrosion

@: corroded, very slightly contaminated, hasted, studying 2 skills, invisible,
very quick
A: rugged brown scales 3, icemail 2, robust 3, magic shield, magic regeneration,
magic link, condensation shield, demonic touch 3, beak, talons 1, clarity,
screaming 1, wild magic 2, evolution 1
}: 6/15 runes: serpentine, barnacled, slimy, silver, demonic, dark
a: Renounce Religion, Evoke Blink, Minor Destruction, Lesser Servant of Makhleb,
Major Destruction, Greater Servant of Makhleb


You were on level 12 of a ziggurat.
You worshipped Makhleb.
Makhleb was exalted by your worship.
You visited 14 branches of the dungeon, and saw 58 of its levels.
You visited Pandemonium 2 times, and saw 4 of its levels.
You visited 1 bazaar.
You visited 1 ziggurat, and saw 12 of its levels.
You also visited: Trove, Ossuary, Gauntlet and Volcano.

You collected 10607 gold pieces.
You spent 4185 gold pieces at shops.

Inventory:

Hand Weapons
 o - a +2 battleaxe of flaming
 P - a +5 antimagic executioner's axe (weapon)
Missiles
 y - 9 throwing nets (quivered)
Armour
 d - the +10 crystal plate armour of the Telling Gods (worn) {+Blink rPois Str+3}
   (You found it on level 5 of a ziggurat)

   Str:       It affects your strength (+3).
   rPois:     It protects you from poison.
   +Blink:    It lets you blink.
 f - the +7 crystal plate armour of Nemelex Xobeh's Pride {rElec Stlth+}
   (You acquired it in Pandemonium)

   rElec:     It insulates you from electricity.
   Stlth:     It makes you more stealthy.
 i - the +0 cloak of Shadows and Fog (worn) {Harm Regen+ MP+9 Str-4}
   (You found it in a Gauntlet)

   Str:       It affects your strength (-4).
   MP:        It affects your magic capacity (+9).
   Regen:     It increases your rate of health regeneration.
   Harm:      It increases damage dealt and taken.
 j - a +2 pair of boots of rampaging (worn)
 C - a +2 cloak of poison resistance
 E - the +11 plate armour of Donn {Will+ Slay+3}
   (You found it on level 5 of the Lair of Beasts)

   Slay:      It affects your accuracy & damage with ranged weapons and melee
   (+3).
   Will:      It increases your willpower.
 V - the +0 hat "Adimua" (worn) {*Corrode Drain rF+++ Int+3}
   (You acquired it on level 3 of the Elven Halls)

   Int:       It affects your intelligence (+3).
   rF:        It renders you almost immune to fire.
   *Corrode:  It may corrode you when you take damage.
   Drain:     It drains your maximum health when unequipped.
Jewellery
 b - a ring of resist corrosion (right hand)
 c - the ring of Incredulity {EV+5 Dex+3}
   (You found it on level 3 of the Depths)

   [ring of evasion]

   EV:        It affects your evasion (+5).
   Dex:       It affects your dexterity (+3).
 s - the ring "Arueg" (left hand) {rPois rC+++ Dex-3 SInv Stlth-}
   (You found it in a treasure trove)

   [ring of see invisible]

   Dex:       It affects your dexterity (-3).
   rC:        It renders you almost immune to cold.
   rPois:     It protects you from poison.
   SInv:      It lets you see invisible.
   Stlth:     It makes you less stealthy.
 z - the ring of Xyfisec {Wiz rPois Str+3 Dex+2}
   (You found it in a treasure trove)

   [ring of wizardry]

   It improves your spell success rate.
   Str:       It affects your strength (+3).
   Dex:       It affects your dexterity (+2).
   rPois:     It protects you from poison.
 J - a ring of protection from cold
 O - the ring of Koomil {*Corrode rElec rC++ MP-9 Str+8 Int+6}
   (You found it on level 5 of the Pits of Slime)

   [ring of intelligence]

   Str:       It affects your strength (+8).
   Int:       It affects your intelligence (+6).
   rC:        It greatly protects you from cold.
   rElec:     It insulates you from electricity.
   MP:        It affects your magic capacity (-9).
   *Corrode:  It may corrode you when you take damage.
 U - the amulet of Qyqona (around neck) {Reflect rElec Will+ Dex-2 SH+5 Stlth+}
   (You bought it in a shop on level 2 of the Orcish Mines)

   [amulet of reflection]

   It reflects blocked missile attacks.
   Dex:       It affects your dexterity (-2).
   rElec:     It insulates you from electricity.
   SH:        It affects your SH (+5).
   Will:      It increases your willpower.
   Stlth:     It makes you more stealthy.
Wands
 q - a wand of polymorph (40)
 r - a wand of mindburst (22)
 B - a wand of flame (47)
 G - a wand of charming (35)
 I - a wand of iceblast (12)
 Y - a wand of digging (15)
Scrolls
 a - 2 scrolls of enchant armour
 g - 9 scrolls of silence
 m - 14 scrolls of fog
 p - 10 scrolls of magic mapping
 w - 8 scrolls of torment
 L - 11 scrolls of poison
 M - 29 scrolls of teleportation
 N - 13 scrolls of vulnerability
 T - 7 scrolls of blinking
 W - a scroll of butterflies
 Z - 9 scrolls of immolation
Potions
 e - 4 potions of invisibility
 h - 5 potions of resistance
 k - 16 potions of lignification
 l - 15 potions of brilliance
 t - 9 potions of cancellation
 u - 10 potions of mutation
 v - 10 potions of curing
 x - 6 potions of attraction
 A - 6 potions of magic
 D - a potion of ambrosia
 F - 7 potions of flight
 S - 3 potions of might
 X - a potion of experience
Miscellaneous
 n - a box of beasts
 K - a condenser vane (inert)
 Q - a phantom mirror
 R - a tin of tremorstones (inert)


   Skills:
 - Level 16.5 Fighting
 - Level 9.4(12.4) Short Blades
 - Level 12.7(14.0) Long Blades
 - Level 24.0 Axes
 - Level 10.0 Throwing
 + Level 20.9 Armour
 - Level 13.0 Dodging
 - Level 7.4 Stealth
 - Level 8.6 Spellcasting
 - Level 15.7 Hexes
 - Level 10.0 Translocations
 - Level 3.6 Air Magic
 - Level 21.0 Invocations
 - Level 10.0 Evocations


You had 24 spell levels left.
You knew the following spells:

 Your Spells              Type           Power      Damage    Failure   Level
a - Blink                 Tloc           92%        N/A       12%         2
b - Enfeeble              Hex            31%        N/A       98%         7
c - Momentum Strike       Conj/Tloc      54%        3d9       54%         2
d - Passage of Golubria   Tloc           46%        N/A       47%         4
e - Swiftness             Air            22%        N/A       88%         3
g - Apportation           Tloc           92%        N/A       9%          1

Your spell library contained the following spells:

 Spells                   Type           Power      Damage    Failure   Level
 Slow                     Hex            100%       N/A       1%          1
 Confusing Touch          Hex            62%        N/A       3%          3
 Tukima's Dance           Hex            62%        N/A       3%          3
 Portal Projectile        Hex/Tloc       100%       N/A       8%          3
 Gell's Gravitas          Tloc           46%        N/A       21%         3
 Teleport Other           Tloc           46%        N/A       21%         3
 Ensorcelled Hibernation  Hex/Ice        76%        N/A       22%         2
 Dazzling Flash           Conj/Hex       76%        N/A       38%         3
 Inner Flame              Hex/Fire       38%        N/A       38%         3
 Summon Guardian Golem    Hex/Summ       38%        N/A       38%         3
 Manifold Assault         Tloc           46%        N/A       47%         4
 Volatile Blastmotes      Fire/Tloc      54%        2d14      75%         3
 Anguish                  Hex/Necr       19%        N/A       75%         4
 Fulminant Prism          Conj/Hex       19%        3d10      75%         4
 Shock                    Conj/Air       60%        1d6       80%         1
 Silence                  Hex/Air        22%        N/A       82%         5
 Poisonous Vapours        Pois/Air       30%        N/A       90%         2
 Beastly Appendage        Tmut           16%        N/A       95%         1
 Foxfire                  Conj/Fire      32%        2x1d5     95%         1
 Freeze                   Ice            32%        1d5       95%         1
 Kiss of Death            Conj/Necr      32%        2d7       95%         1
 Magic Dart               Conj           32%        1d4       95%         1
 Necrotise                Necr           32%        1d5       95%         1
 Sting                    Tmut/Pois      32%        1d4       95%         1
 Summon Small Mammal      Summ           32%        N/A       95%         1
 Metabolic Englaciation   Hex/Ice        19%        N/A       96%         5
 Summon Mana Viper        Hex/Summ       38%        N/A       96%         5
 Yara's Violent Unravell  Hex/Tmut       19%        3d9       96%         5
 Call Imp                 Summ           16%        N/A       99%         2
 Passwall                 Tmut/Erth      6%         N/A       99%         2
 Scorch                   Fire           16%        2d6       99%         2
 Searing Ray              Conj           16%        2d5       99%         2
 Sublimation of Blood     Necr           8%         N/A       99%         2
 Wereblood                Tmut           8%         N/A       99%         2
 Mephitic Cloud           Conj/Pois/Air  12%        N/A       99%         3
 Airstrike                Air            11%        2d(2-18)  99%         4
 Call Canine Familiar     Summ           8%         N/A       100%        3
 Frozen Ramparts          Ice            16%        1d3       100%        3
 Hailstorm                Conj/Ice       8%         3d4       100%        3
 Ignite Poison            Fire/Tmut/Pois 8%         N/A       100%        3
 Ozocubu's Armour         Ice            8%         N/A       100%        3
 Spider Form              Tmut/Pois      8%         N/A       100%        3
 Stone Arrow              Conj/Erth      16%        3d8       100%        3
 Vampiric Draining        Necr           8%         2d6       100%        3
 Animate Armour           Summ/Erth      16%        N/A       100%        4
 Animate Dead             Necr           8%         N/A       100%        4
 Dispel Undead            Necr           8%         3d8       100%        4
 Flame Wave               Conj/Fire      8%         2d5       100%        4
 Ice Form                 Ice/Tmut       8%         N/A       100%        4
 Olgreb's Toxic Radiance  Pois           8%         N/A       100%        4
 Petrify                  Tmut/Erth      8%         N/A       100%        4
 Sticky Flame             Conj/Fire      8%         2d3       100%        4
 Summon Ice Beast         Ice/Summ       8%         N/A       100%        4
 Agony                    Necr           8%         N/A       100%        5
 Alistair's Intoxication  Tmut/Pois      5%         N/A       100%        5
 Blade Hands              Tmut           4%         N/A       100%        5
 Fireball                 Conj/Fire      4%         3d4       100%        5
 Freezing Cloud           Conj/Ice/Air   6%         6-21      100%        5
 Iskenderun's Battlesphe  Conj           8%         2d6       100%        5
 Summon Forest            Summ/Tloc      13%        N/A       100%        5
 Dispersal                Tloc           23%        N/A       100%        6
 Eringya's Noxious Bog    Tmut/Pois      4%         N/A       100%        6
 Iron Shot                Conj/Erth      4%         9d2       100%        6
 Plasma Beam              Fire/Air       7%         2x1d20    100%        6
 Simulacrum               Ice/Necr       4%         N/A       100%        6
 Starburst                Conj/Fire      4%         6d3       100%        6
 Statue Form              Tmut/Erth      5%         N/A       100%        6
 Summon Cactus Giant      Summ           4%         N/A       100%        6
 Haunt                    Necr/Summ      4%         N/A       100%        7
 Malign Gateway           Summ/Tloc      13%        N/A       100%        7
 Ozocubu's Refrigeration  Ice            4%         4d8       100%        7
 Spellforged Servitor     Conj/Summ      4%         N/A       100%        7
 Storm Form               Tmut/Air       7%         N/A       100%        7
 Summon Hydra             Summ           4%         N/A       100%        7
 Discord                  Hex            31%        N/A       100%        8
 Ignition                 Fire           4%         3d4       100%        8
 Infestation              Necr           4%         N/A       100%        8
 Lehudib's Crystal Spear  Conj/Erth      4%         10d3      100%        8
 Necromutation            Tmut/Necr      4%         N/A       100%        8
 Summon Horrible Things   Summ           4%         N/A       100%        8
 Death's Door             Necr           4%         N/A       100%        9
 Dragon's Call            Summ           4%         N/A       100%        9
 Polar Vortex             Ice            4%         N/A       100%        9
 Shatter                  Erth           4%         3d7*      100%        9


Dungeon Overview and Level Annotations

Branches:
Dungeon (15/15)            Temple (1/1) D:4            Lair (5/5) D:11
 Shoals (4/4) Lair:2        Snake (4/4) Lair:3        Slime (5/5) Lair:4
    Orc (2/2) D:11            Elf (3/3) Orc:2        Vaults (5/5) D:14
  Crypt (3/3) Vaults:3       Tomb (1/3) Crypt:3      Depths (4/4) D:15
   Hell (visited)             Dis (0/7) Hell            Geh (0/7) Hell
    Coc (0/7) Hell            Tar (0/7) Hell            Zot (5/5) Depths:4
Ossuary (visited)         Volcano (visited)         Gauntlet (visited)

Altars:
Ashenzari
Cheibriados
Dithmenos
Fedhas
Gozag
Hepliaklqana
Kikubaaqudgha
Makhleb
Nemelex Xobeh
Okawaru
Qazlal
Ru
Sif Muna
Trog
Uskayaw
Vehumet
Wu Jian
Xom
Yredelemnul
Jiyva

Shops:
D:1 (   D:10 (   D:14 (   Orc:2 *(=   Elf:2 (   Elf:3 ?   Shoals:2 *
Snake:2 *?   Vaults:3 *   Depths:2 :=:   Depths:3 *:(   Depths:4 *

Portals:
Hell: Depths:1 Depths:2 Depths:3 Depths:4
Abyss: Depths:1 Depths:3 Depths:4
Pandemonium: Depths:1 Depths:2

Annotations:
D:7 Joseph
D:12 1 runed translucent door, NoOffense's ghost, journeyman TrMo
Lair:2 1 runed translucent door, wpisznazwe's ghost, adept DjWn
Shoals:1 choppaz's ghost, adept DsEE
Shoals:4 1 exclusion
Snake:3 Roxanne
Orc:1 2 transporters, 3 runed translucent doors, Xefoanen's ghost, journeyman MiFi
Elf:2 1 exclusion
Zot:4 2 transporters, exclusion: orange crystal statue, Calu's ghost, legendary KoHu; Sorch's ghost, legendary GrMo
Zig:12 exclusions: ice statue and obsidian statue


Innate Abilities, Weirdness & Mutations

You are completely covered in rugged brown scales. (AC +3, +7% HP)
A meltable icy envelope protects you from harm. (AC +8)
You are extremely robust. (+30% HP)
When hurt, damage is shared between your health and your magic reserves.
You regenerate magic rapidly.
When low on magic, you restore magic in place of health.
A meltable shield of frost defends you. (SH +4)
Your touch may irresistibly damage your foes and sap their willpower.
You have a beak for a mouth.
You have sharp toenails.
You possess an exceptional clarity of mind.
You occasionally shout uncontrollably at your foes.
Your spells are harder to cast, but more powerful.
You have hidden genetic potential.


Message History

The ice beast hits you but does no damage.
The moth of wrath goads the warg on!
The warg goes berserk!
You block the rust devil's attack.
The stone giant hits you but does no damage.
The orc high priest says, "You will make a fine sacrifice."
The orc warlord closely misses you. The moth of wrath bites you!
The white imp sputters.
The smoke demon gestures at you.
The sticky flame hits the white imp!
The white imp is burned terribly!
The white imp dies!
The white imp disappears in a puff of smoke!
Casting: Apportation (safe; 9% risk of failure)
Confirm with . or Enter, or press ? or * to list all spells.
You miscast Blink.
You are very lightly contaminated with residual magic.
Nothing appears to happen.
The ice beast closely misses you. The rust devil hits you!
The rust devil corrodes you! The stone giant hits you!!!
* * * LOW HITPOINT WARNING * * *
The orc warlord closely misses you. You block the orc warlord's attack.
The obsidian statue's eyes glow briefly.
The obsidian statue attempts to bespell you!
You are unaffected.
You block the orc warlord's attack.
The ice statue gestures at the warg.
The shard of ice hits the orc high priest.
The moth of wrath bites you but does no damage.
The orc high priest shouts!
Unknown command.
Casting: Blink (safe; 12% risk of failure)
Confirm with . or Enter, or press ? or * to list all spells.
You miscast Blink.
Nothing appears to happen.
You block the rust devil's attack. The ice beast closely misses you.
The stone giant misses you. The moth of wrath barely misses you.
The obsidian statue slips into the dungeon's darkness for a moment.
The obsidian statue's eyes glow briefly.
The orc warlord hits you with a +2 great sword of electrocution.
* * * LOW HITPOINT WARNING * * *
You block the orc high priest's attack.
The orc warlord hits you with a +4 great sword!!!
You die...

............▓▓
..5..5...........▓▓
..................▓▓
..5.8..............▓
....)..............▓
......O............▓▓
...o.4o3.........∩..▓
...oo4Co4..........▓▓
..o5Too@o§.........▓
...)8yYoy§.........▓
....oY.h..........▓▓
.....ooY.........▓▓
................▓▓
...............▓▓
▓▓...........▓▓▓
▓▓▓▓▓▓.▓▓▓▓▓▓ ▓▓


You could see 3 orc warlords, an iron troll (unable to see you), a stone giant
(berserk, unable to see you), an ice statue (unable to see you), an obsidian
statue, an orc knight (strong, unable to see you), 3 orc high priests, 2 moths
of wrath, an ice devil (summoned, unable to see you), 2 rust devils, a smoke
demon (summoned, unable to see you), a warg (berserk), 3 orc warriors, 3 ice
beasts, an ogre (unable to see you), an orc priest (strong, unable to see you),
2 orc wizards, a quasit (summoned, wandering, unable to see you), 2 crimson imps
and a shadow imp (summoned, wandering, unable to see you).

Vanquished Creatures
  the Royal Jelly (Slime:5)
  4 orbs of fire
  A dread lich (Vaults:5)
  An ancient lich (Vaults:5)
  2 juggernauts (Zig:6)
  3 royal mummies
  2 shard shrikes (Depths:2)
  2 curse toes
  4 golden dragons
  Geryon (Hell)
  2 bone dragons
  A pearl dragon (Pan)
  The ghost of Susobas the Eclecticist, an adept DsCj of Vehumet (Vaults:1)
  2 Brimstone Fiends
  2 electric golems
  3 hellephants
  Zenata (Vaults:1)
  18 tentacled monstrosities
  8 deep elf master archers
  5 liches
  3 deep elf blademasters
  12 ancient champions
  7 death cobs
  5 titans
  4 quicksilver dragons
  21 acid blobs
  9 sphinxes
  12 Executioners (Pan)
  Polyphemus (Shoals:2)
  Kirke (Snake:3)
  A thorn hunter (Zig:4)
  A kraken (Shoals:2)
  10 shadow dragons
  7 storm dragons
  8 draconian monks
  A nargun (Depths:2)
  6 tengu reavers
  4 draconian knights
  A revenant (Crypt:3)
  9 rockslimes
  6 nagarajas (Snake:4)
  3 azure jellies
  4 deep elf sorcerers
  11 fire giants
  18 daevas
  8 frost giants
  2 iron dragons (Depths:3)
  6 draconian shifters
  12 vault wardens
  The ghost of Onkax the Marksspriggan, an adept SpHu of Okawaru (Elf:2)
  Aizul (Snake:3)
  5 ghouls
  5 deep elf elementalists
  3 curse skulls
  A demonspawn corrupter (Pan)
  3 ghost moths (Zig:5)
  7 balrugs
  3 draconian scorchers
  A draconian stormcaller (Zot:3)
  18 ironbound preservers
  2 orc warlords (Vaults:3)
  3 draconian annihilators
  A demonspawn blood saint (Pan)
  A cacodemon (Depths:2)
  46 angels
  7 stone giants
  2 spriggan defenders (Depths:4)
  14 ophanim (Pan)
  10 reapers
  27 apis (Pan)
  19 very ugly things
  5 war gargoyles
  5 ironbound thunderhulks
  6 green draconians
  10 quicksilver oozes
  6 vampire knights
  8 purple draconians
  2 demonspawn black suns (Pan)
  2 spark wasps (Depths:1)
  6 white draconians
  A putrid mouth (Hell)
  A minotaur (Gauntlet)
  9 black draconians
  4 deep elf demonologists
  7 red draconians
  2 wendigos
  7 yellow draconians
  10 dire elephants
  3 deep elf annihilators (Elf:3)
  5 lorocyprocas
  9 deep elf death magi
  11 ettins
  7 merfolk javelineers
  5 eidola
  3 blizzard demons
  4 crystal guardians
  An entropy weaver (Vaults:1)
  The ghost of Wizop the Arsonist, a journeyman TeFE of Sif Muna (Lair:4)
  7 fire dragons
  9 yaktaur captains
  7 merfolk impalers
  6 jiangshi
  Josephine (D:15)
  4 deep elf high priests
  11 great orbs of eyes
  An iron golem (Hell)
  A shambling mangrove (Zig:4)
  5 ice dragons
  Harold (Lair:2)
  5 mummy priests
  Fannar (D:11)
  2 quicksilver dragon skeletons
  4 rakshasas
  3 salamander tyrants (Snake:4)
  2 caustic shrike simulacra
  3 peacekeepers
  39 vault guards
  A jorogumo (Zig:5)
  3 ogre magi
  A hell beast (Pan)
  6 hydras
  2 spriggan air magi (Depths:4)
  Erica (D:9)
  3 catoblepae
  A bennu zombie (Crypt:1)
  3 alligator snapping turtles
  6 merfolk avatars
  4 anacondas
  7 boulder beetles
  2 satyrs (Shoals:4)
  7 ironbound frosthearts
  4 merfolk aquamancers
  32 dancing weapons
  2 death knights (Crypt:1)
  26 centaur warriors
  A spriggan skeleton (Crypt:3)
  11 two-headed ogres
  A stoker (Zig:10)
  A tengu warrior (D:15)
  15 hell hogs (Hell)
  19 naga warriors
  6 deep troll earth magi
  10 death yaks
  5 naga sharpshooters
  4 orc high priests
  A quicksilver ooze zombie (Crypt:2)
  3 vampire magi
  Urug (Lair:1)
  8 deep troll shamans
  A titan zombie (Crypt:1)
  4 spriggan berserkers
  18 hell knights
  14 soul eaters
  20 deep elf knights
  2 spriggans (Depths:4)
  4 shock serpents
  4 skysharks
  A sixfirhy (Depths:2)
  A golden dragon zombie (Crypt:1)
  9 shadow wraiths
  22 skeletal warriors
  A fire crab (shapeshifter) (Vaults:5)
  13 iron trolls
  49 deep trolls
  A spark wasp zombie (Depths:1)
  22 sea snakes
  A bunyip zombie (Crypt:1)
  3 flayed ghosts
  22 cherubim (Pan)
  A storm dragon skeleton (Crypt:1)
  An anaconda zombie (Hell)
  A ghost moth zombie (Crypt:1)
  5 salamander mystics
  2 shadow demons (Hell)
  4 glowing orange brains
  A swamp dragon (Zig:4)
  An obsidian statue (Vaults:4)
  3 naga ritualists
  4 orange crystal statues
  15 ironbound convokers
  10 wizards
  2 anaconda skeletons (Crypt:1)
  A shadow dragon zombie (Zig:8)
  A golden dragon skeleton (Pan)
  20 deep elf archers
  8 lindwurms
  A spriggan simulacrum (Hell)
  A bunyip skeleton (Pan)
  22 harpies
  15 necromancers
  10 orc knights
  2 stone giant zombies
  A wolf spider zombie (Crypt:2)
  13 phantasmal warriors
  41 deep elf zephyrmancers
  3 mana vipers
  A goliath frog zombie (Crypt:2)
  A frost giant zombie (Depths:1)
  5 orc sorcerers
  A sphinx skeleton (Crypt:1)
  46 ugly things
  43 deep elf pyromancers
  2 fire giant zombies
  2 wolf spiders
  15 manticores
  11 cyclopes
  8 salamanders
  9 fauns
  2 shining eyes
  A jorogumo skeleton (Crypt:3)
  11 elephants (Lair:5)
  15 moths of wrath
  30 black mambas
  5 toenail golems (Volcano)
  9 demonic crawlers (Pan)
  A naga zombie (Crypt:3)
  10 vault sentinels
  2 titan simulacra
  7 rust devils
  A dire elephant zombie (Crypt:3)
  3 water nymphs
  9 merfolk sirens
  A centaur zombie (Hell)
  An eye of devastation (shapeshifter) (Elf:2)
  6 cane toads
  12 naga magi
  2 stone giant skeletons
  An ice statue (Gauntlet)
  A yellow draconian zombie (Crypt:3)
  7 torpor snails
  An orange demon (Crypt:1)
  A smoke demon (Pan)
  2 dire elephant skeletons
  A storm dragon simulacrum (Depths:2)
  A kobold demonologist (D:12)
  31 yaktaurs
  3 hellions
  17 unseen horrors
  An efreet (D:15)
  5 rime drakes
  3 spriggan zombies
  11 komodo dragons
  4 freezing wraiths
  A yaktaur (shapeshifter) (D:15)
  A golden dragon simulacrum (Depths:2)
  A queen bee (Lair:3)
  A spark wasp simulacrum (Depths:2)
  18 guardian mummies
  3 ice devils
  4 tengu conjurers
  8 wind drakes
  2 red devils
  3 harpy zombies
  A death drake zombie (Crypt:2)
  A hellwing (Depths:2)
  A sea snake skeleton (Crypt:3)
  14 trolls
  11 hornets
  A wind drake (shapeshifter) (Vaults:5)
  4 tyrant leeches (Lair:5)
  A tarantella (Vaults:1)
  Prince Ribbit (D:5)
  13 dream sheep
  A death drake skeleton (Crypt:3)
  26 merfolk
  3 harpy skeletons
  20 blink frogs
  90 slime creatures
  18 flying skulls
  3 centaur simulacra
  9 large abominations (Pan)
  6 snapping turtles
  4 air elementals
  Sigmund (D:4)
  A culicivora (Vaults:1)
  A spriggan (shapeshifter) (D:13)
  A vampire (D:10)
  3 shadows
  8 wraiths
  18 water elementals
  4 wyverns
  A ynoxinul (Depths:2)
  3 fire elementals
  5 ushabtiu
  12 basilisks
  An elf zombie (Vaults:4)
  7 hogs (Snake:3)
  3 golden eyes (Slime:1)
  31 yaks
  A neqoxec (Pan)
  2 redbacks
  3 ettin skeletons
  3 vampire mosquitoes (D:10)
  A chaos spawn (Depths:2)
  A warg (Orc:1)
  2 harpy simulacra
  A skyshark zombie (Crypt:3)
  2 acid dragons
  54 nagas
  A two-headed ogre zombie (Crypt:2)
  6 hell hounds
  14 water moccasins
  A floating eye (shapeshifter) (Vaults:5)
  31 orc warriors
  A naga skeleton (Crypt:3)
  A merfolk skeleton (Crypt:3)
  3 sky beasts (Depths:2)
  A meliai simulacrum (D:15)
  10 ogres
  4 ettin simulacra
  A hornet zombie (Crypt:1)
  A swamp dragon zombie (Crypt:2)
  3 human zombies
  2 black bears
  13 wolves
  6 boggarts
  21 centaurs
  2 kobold brigands (D:9)
  12 bullfrogs
  A gnoll sergeant (D:10)
  4 earth elementals
  6 scorpions
  A komodo dragon skeleton (Crypt:1)
  8 wights
  A shapeshifter zombie (Crypt:1)
  24 killer bees
  A yak skeleton (Crypt:2)
  2 howler monkeys (D:12)
  2 electric eels (Snake:1)
  A lava snake (D:13)
  A wolf skeleton (Crypt:2)
  3 jellies
  A gnoll bouda (D:6)
  16 orc priests
  5 iron imps (Crypt:1)
  2 sleepcaps (D:6)
  Ijyb (D:4)
  2 iguanas
  14 orc wizards
  A basilisk skeleton (Crypt:2)
  12 mummies
  Robin (D:1)
  9 gnolls
  4 adders
  A shadow imp (D:7)
  5 white imps
  An adder zombie (Ossuary)
  3 dart slugs
  2 worms
  58 orcs
  A bat (D:3)
  7 endoplasms
  3 giant cockroaches (D:1)
  19 goblins
  11 hobgoblins
  6 jackals
  10 kobolds
  8 quokkas
  3 ball pythons
  4 frilled lizards
  3 gnoll zombies
  5 goblin zombies (Ossuary)
  2 hobgoblin zombies (Ossuary)
  4 kobold zombies (Ossuary)
  4 quokka zombies (Ossuary)
  A rat (D:1)
  3 briar patches (Zig:4)
  3 fire vortices
  4 tentacles (Shoals:2)
2517 creatures vanquished.

Vanquished Creatures (collateral kills)
  Vv (Zot:1)
  The ghost of Dihet the Axe Maniac, a veteran MiBe of Trog (Crypt:1)
  Parghit (Zot:2)
  A deep elf blademaster (Elf:3)
  An acid blob (Slime:5)
  A nagaraja (Snake:2)
  3 daevas (Pan)
  A frost giant (Depths:1)
  An orc warlord (Orc:2)
  2 angels (Pan)
  A deep elf elementalist (Elf:3)
  A stone giant (Vaults:5)
  4 apis (Pan)
  A dire elephant (Vaults:1)
  An entropy weaver (Vaults:5)
  A rakshasa (Depths:4)
  A merfolk impaler (Shoals:3)
  A vault guard (Vaults:5)
  An ogre mage (Vaults:5)
  A two-headed ogre (Orc:2)
  2 merfolk avatars
  A satyr (Shoals:3)
  2 death yaks (Lair:3)
  3 orc high priests (Orc:2)
  2 cherubim (Pan)
  A sea snake (Shoals:3)
  3 orc knights
  3 harpies
  A shining eye (Slime:1)
  3 orc sorcerers (Orc:2)
  2 ugly things (Depths:1)
  A cyclops (Shoals:3)
  A water nymph (Shoals:2)
  A troll (Orc:2)
  6 merfolk (Shoals:3)
  3 dream sheep (Shoals:3)
  A snapping turtle (Shoals:1)
  5 slime creatures
  A warg (Orc:2)
  2 nagas
  A hell hound (Gauntlet)
  12 orc warriors (Orc:2)
  2 ogres (Orc:2)
  3 killer bees (Lair:3)
  2 orc priests (Orc:2)
  An orc wizard (Orc:2)
  7 orcs (Orc:2)
98 creatures vanquished.

Vanquished Creatures (others)
  A golden dragon (Vaults:5)
  A draconian monk (Depths:4)
  A fire giant (Depths:2)
  A vault warden (Vaults:5)
  A draconian annihilator (Zot:4)
  A merfolk impaler (Shoals:3)
  A stoker (Zig:10)
  2 deep elf knights (Elf:2)
  A phantasmal warrior (Hell)
  A harpy (Shoals:1)
  2 deep elf zephyrmancers
  A manticore (Shoals:1)
  A moth of wrath (Shoals:1)
  A water elemental (Elf:2)
  An orc (D:7)
  A quokka (Depths:1)
  A briar patch (Zig:4)
  A fire vortex (Hell)
  20 fungi
  163 plants
  38 tentacles (Shoals:2)
  4 withered plants
245 creatures vanquished.

Grand Total: 2860 creatures vanquished

Notes
Turn   | Place    | Note
-------+----------+-------------------------------------------
     0 | D:1      | Lavandula the Demonspawn Gladiator began the quest for the
                  | Orb.
     0 | D:1      | Reached XP level 1. HP: 16/16 MP: 1/1
    38 | D:1      | Found Cuge's Weapon Shoppe.
   173 | D:1      | Gained mutation: A meltable shield of frost defends you.
                  | (SH +4) [demonic ancestry]
   173 | D:1      | Reached XP level 2. HP: 21/22 MP: 2/2
   660 | D:1      | Found a faded altar of an unknown god.
   737 | D:2      | Noticed Robin
   752 | D:1      | Killed Robin
   753 | D:1      | Gained mutation: You are partially covered in rugged brown
                  | scales. (AC +1, +3% HP) [demonic ancestry]
   753 | D:1      | Reached XP level 3. HP: 8/27 MP: 3/3
   888 | D:1      | Reached XP level 4. HP: 28/33 MP: 4/4
  1205 | D:1      | Bought a +2 dagger of venom for 158 gold pieces
  1942 | D:3      | Gained mutation: You regenerate magic rapidly. [demonic
                  | ancestry]
  1942 | D:3      | Reached XP level 5. HP: 22/42 MP: 5/5
  2205 | D:3      | Reached skill level 1 in Short Blades
  2626 | D:4      | Found a staircase to the Ecumenical Temple.
  2647 | Temple   | Entered the Ecumenical Temple
  2944 | D:4      | Found a hide-covered altar of Uskayaw.
  2944 | D:4      | Found a broken altar of Ashenzari.
  3001 | D:4      | Noticed Sigmund
  3454 | D:5      | Entered Level 5 of the Dungeon
  3489 | D:6      | Noticed a centaur
  3501 | D:6      | Killed a centaur
  3502 | D:6      | Gained mutation: A meltable icy envelope protects you from
                  | harm. (AC +8) [demonic ancestry]
  3502 | D:6      | Reached XP level 6. HP: 45/48 MP: 6/6
  3733 | D:6      | Reached skill level 5 in Short Blades
  3733 | D:6      | Gained mutation: Your touch may inflict minor irresistible
                  | damage on your foes. [demonic ancestry]
  3733 | D:6      | Reached XP level 7. HP: 38/53 MP: 7/7
  4040 | D:6      | Found a burning altar of Makhleb.
  4136 | D:6      | Found an opulent altar of Gozag.
  4913 | D:7      | Got the Meditations on the Singed Comitatus
  5058 | D:7      | Learned a level 2 spell: Blink
  5074 | D:7      | Noticed Joseph
  5349 | D:7      | Reached XP level 8. HP: 57/59 MP: 8/8
  5399 | D:7      | Noticed a cyan ugly thing
  5418 | D:7      | Killed a cyan ugly thing
  5446 | D:7      | Identified the +14 chain mail of the Beginning {rPois}
  5571 | D:7      | Noticed a white ugly thing
  5598 | D:7      | Killed a white ugly thing
  5599 | D:7      | Gained mutation: When hurt, damage is shared between your
                  | health and your magic reserves. [demonic ancestry]
  5599 | D:7      | Reached XP level 9. HP: 24/65 MP: 9/9
  6002 | D:8      | Reached skill level 1 in Evocations
  6037 | D:8      | Found a sand-covered staircase.
  6042 | Ossuary  | Entered an ossuary
  6292 | D:8      | Found a shimmering blue altar of Sif Muna.
  6304 | D:8      | Identified the +0 leather armour "Plog" {rC+}
  7129 | D:9      | Noticed Erica
  7142 | D:9      | Killed Erica
  7364 | D:9      | Gained mutation: When low on magic, you restore magic in
                  | place of health. [demonic ancestry]
  7364 | D:9      | Reached XP level 10. HP: 67/75 MP: 8/10
  8022 | D:6      | Became a worshipper of Makhleb the Destroyer
  8089 | D:5      | Noticed Prince Ribbit
  8120 | D:5      | Killed Prince Ribbit
  8451 | D:4      | Killed Sigmund
  8623 | D:4      | Noticed Ijyb
  8629 | D:4      | Killed Ijyb
  8631 | D:4      | Reached * piety under Makhleb
  8911 | D:10     | Entered Level 10 of the Dungeon
  9125 | D:10     | Found Jatupel's Antique Weapon Shoppe.
  9132 | D:10     | Reached skill level 10 in Long Blades
  9142 | D:10     | Bought a glowing long sword for 143 gold pieces
  9524 | D:11     | Noticed a death yak
  9545 | D:11     | Killed a death yak
  9552 | D:11     | Noticed a death yak
  9556 | D:11     | Noticed a death yak
  9574 | D:11     | Noticed a death yak
  9576 | D:11     | Noticed a death yak
  9579 | D:11     | Killed a death yak
  9580 | D:11     | Gained mutation: You are mostly covered in rugged brown
                  | scales. (AC +2, +5% HP) [demonic ancestry]
  9580 | D:11     | Reached XP level 11. HP: 73/81 MP: 11/11
  9587 | D:11     | Killed a death yak
  9595 | D:11     | Killed a death yak
  9601 | D:11     | Killed a death yak
 10012 | D:11     | Noticed Fannar
 10025 | D:11     | Killed Fannar
 10030 | D:11     | Noticed a boulder beetle
 10044 | D:11     | Killed a boulder beetle
 10044 | D:11     | Reached ** piety under Makhleb
 10045 | D:11     | Reached skill level 5 in Fighting
 10155 | D:11     | Noticed a boulder beetle
 10176 | D:11     | Killed a boulder beetle
 10177 | D:11     | Reached skill level 1 in Armour
 10177 | D:11     | Reached skill level 1 in Invocations
 10716 | D:11     | Found a staircase to the Lair.
 10781 | D:11     | Found a staircase to the Orcish Mines.
 10904 | Lair:1   | Entered Level 1 of the Lair of Beasts
 10981 | Lair:1   | Noticed Urug
 11006 | Lair:1   | Killed Urug
 11097 | Lair:1   | Found a gate leading to a gauntlet.
 11104 | Gauntlet | Entered a Gauntlet
 11104 | Gauntlet | Found a transporter.
 11104 | Gauntlet | Found a transporter.
 11178 | Gauntlet | Noticed an oklob plant
 11191 | Gauntlet | Found a transporter.
 11199 | Gauntlet | Found a transporter.
 11203 | Gauntlet | Found a transporter.
 11214 | Gauntlet | Found a transporter.
 11220 | Gauntlet | Noticed an obsidian statue
 11227 | Gauntlet | Found a transporter.
 11228 | Gauntlet | Noticed a sun demon
 11244 | Gauntlet | Found a transporter.
 11245 | Gauntlet | Found a transporter.
 11249 | Gauntlet | Noticed a fire crab
 11253 | Gauntlet | Found a transporter.
 11259 | Gauntlet | Found a transporter.
 11260 | Gauntlet | Found a runed translucent door.
 11303 | Gauntlet | Found a transporter.
 11315 | Gauntlet | Identified the +0 cloak of Shadows and Fog {Harm Regen+
                  | MP+9 Str-4}
 11389 | Gauntlet | Identified the +0 helmet of Least Resistance {rF- Will+
                  | Str+3 Int+6}
 11431 | Gauntlet | Noticed a minotaur
 11507 | Gauntlet | Killed a minotaur
 11508 | Gauntlet | Gained mutation: A meltable icy envelope protects you from
                  | harm. (AC +8) [demonic ancestry]
 11508 | Gauntlet | Reached XP level 12. HP: 57/91 MP: 15/15
 11733 | Lair:1   | Reached skill level 5 in Armour
 11833 | Lair:1   | Reached skill level 5 in Dodging
 12192 | Lair:2   | Noticed Harold
 12207 | Lair:2   | Killed Harold
 12466 | Lair:2   | Found a runed translucent door.
 12470 | Lair:2   | Found a staircase to the Shoals.
 12488 | Lair:2   | Reached skill level 5 in Invocations
 12553 | Lair:2   | Reached *** piety under Makhleb
 12707 | Lair:2   | Noticed a five-headed hydra
 12713 | Lair:2   | Killed a three-headed hydra
 12908 | Lair:2   | Noticed wpisznazwe's ghost (adept DjWn)
 13361 | Lair:3   | Identified the +1 long sword "Ihineper" {flame, rPois rC+
                  | Will+}
 13589 | Lair:3   | Noticed a death yak
 13590 | Lair:3   | Noticed a death yak
 13592 | Lair:3   | Noticed a death yak
 13592 | Lair:3   | Noticed a death yak
 13599 | Lair:3   | Killed a death yak
 13604 | Lair:3   | Killed a death yak
 13609 | Lair:3   | Killed a death yak
 13615 | Lair:3   | Killed a death yak
 13682 | Lair:3   | Found a staircase to the Snake Pit.
 13692 | Lair:3   | Reached XP level 13. HP: 86/102 MP: 18/18
 14261 | Lair:4   | Found a staircase to the Slime Pits.
 14262 | Lair:4   | Found a viscous altar of Jiyva.
 14279 | Lair:4   | Reached **** piety under Makhleb
 14404 | Lair:5   | Entered Level 5 of the Lair of Beasts
 14409 | Lair:5   | L:5 reached
 14954 | Lair:4   | Found a large runed translucent door.
 14954 | Lair:4   | Found a large runed translucent door.
 14981 | Lair:4   | Noticed Wizop's ghost (journeyman TeFE)
 15093 | Lair:4   | Killed Wizop's ghost
 15235 | Lair:5   | Reached skill level 10 in Armour
 15460 | Lair:5   | Reached ***** piety under Makhleb
 15641 | Lair:5   | Gained mutation: You are robust. (+10% HP) [demonic
                  | ancestry]
 15641 | Lair:5   | Reached XP level 14. HP: 101/125 MP: 20/20
 15834 | Lair:5   | Reached skill level 10 in Fighting
 16147 | Lair:5   | Found a runed translucent door.
 16425 | Lair:5   | Identified the +11 plate armour of Donn {Will+ Slay+3}
 16601 | Orc:1    | Entered Level 1 of the Orcish Mines
 16705 | Orc:1    | Found a transporter.
 16706 | Orc:1    | Found a transporter.
 16713 | Orc:1    | Noticed a stone giant
 16799 | Orc:1    | Found a dark tunnel.
 16814 | Volcano  | Entered a volcano
 17128 | Orc:1    | Found a runed translucent gate.
 17132 | Orc:1    | Found a runed translucent gate.
 17137 | Orc:1    | Found a runed translucent gate.
 17274 | Orc:1    | Noticed Xefoanen's ghost (journeyman MiFi)
 17371 | Orc:2    | Entered Level 2 of the Orcish Mines
 17407 | Orc:2    | Noticed an orc warlord
 17485 | Orc:2    | Reached skill level 10 in Invocations
 17527 | Orc:2    | Found Liocedee's Antique Weapon Emporium.
 17564 | Orc:2    | Found Giatasmopo's Jewellery Emporium.
 17572 | Orc:2    | Bought the amulet of Qyqona {Reflect rElec Will+ Dex-2 SH+5
                  | Stlth+} for 674 gold pieces
 17576 | Orc:2    | Killed an orc warlord
 17603 | Orc:2    | Reached ****** piety under Makhleb
 17740 | Orc:2    | Found Ynkadec's General Store.
 17823 | Orc:2    | Bought a scroll of butterflies for 52 gold pieces
 17823 | Orc:2    | Bought a scroll of identify for 26 gold pieces
 17823 | Orc:2    | Bought a scroll of identify for 26 gold pieces
 17952 | Orc:2    | Found Kiuh's Antique Armour Boutique.
 18111 | Orc:2    | Found a staircase to the Elven Halls.
 18691 | D:12     | Reached XP level 15. HP: 134/134 MP: 25/25
 18728 | D:12     | Found a runed translucent door.
 18729 | D:12     | Noticed NoOffense's ghost (journeyman TrMo)
 19347 | D:13     | Identified the +2 trident "Dragonslayer" {flame, +Blink
                  | rCorr Dex+8}
 19738 | D:14     | Found Wawaogh's Distillery.
 20192 | D:14     | Found Lejy's Antique Weapon Emporium.
 20276 | D:14     | Bought 2 potions of heal wounds for 180 gold pieces
 20276 | D:14     | Bought a potion of might for 72 gold pieces
 20276 | D:14     | Bought a potion of might for 72 gold pieces
 20276 | D:14     | Bought a potion of might for 72 gold pieces
 20276 | D:14     | Bought a potion of curing for 54 gold pieces
 20276 | D:14     | Bought a potion of invisibility for 144 gold pieces
 20276 | D:14     | Bought a potion of haste for 180 gold pieces
 20276 | D:14     | Bought a potion of resistance for 180 gold pieces
 20304 | D:14     | Bought a runed scimitar for 245 gold pieces
 20314 | D:14     | Found a portal to a secret trove of treasure.
 20399 | D:14     | Found a gate to the Vaults.
 20810 | Shoals:1 | Entered Level 1 of the Shoals
 20819 | Shoals:1 | Noticed choppaz's ghost (adept DsEE)
 20829 | Shoals:1 | Found a transporter.
 20937 | Shoals:1 | Found a transporter.
 21122 | Shoals:1 | Reached skill level 15 in Armour
 21227 | Shoals:1 | Identified the +2 flail "Seerahom" {vamp, rPois rC+ Int+5
                  | SInv}
 21301 | Shoals:1 | Reached XP level 16. HP: 142/142 MP: 27/27
 21717 | Shoals:2 | Noticed a kraken
 21781 | Shoals:2 | Noticed Polyphemus
 21789 | Shoals:2 | Killed Polyphemus
 21885 | Shoals:2 | Reached skill level 5 in Evocations
 22027 | Shoals:2 | Found Totiema's Assorted Antiques.
 22081 | Shoals:2 | Bought a scroll of fear for 152 gold pieces
 22081 | Shoals:2 | Bought a scroll of fog for 152 gold pieces
 22609 | Shoals:2 | Killed a kraken
 22779 | Shoals:3 | Found a flickering gateway to a bazaar.
 22850 | Bazaar   | Entered a bazaar
 22850 | Bazaar   | Found Ebbumeiq's Antique Armour Shoppe.
 22850 | Bazaar   | Found Janeing's Weapon Emporium.
 22852 | Bazaar   | Found Joir's Antique Weapon Shoppe.
 22868 | Bazaar   | Found Zeisickici's Book Emporium.
 22886 | Bazaar   | Bought a smoking plate armour for 336 gold pieces
 22886 | Bazaar   | Identified the +2 plate armour of Infinity {rF+ Will+} (You
                  | bought it in a shop in a bazaar)
 23076 | Shoals:3 | Upgraded the game from 0.30-a0-1059-g7dea3e163d to
                  | 0.30-a0-1070-gd49b78fada
 23419 | Shoals:3 | Reached skill level 10 in Evocations
 23637 | Shoals:4 | Entered Level 4 of the Shoals
 24045 | Shoals:4 | Got a barnacled rune of Zot
 24071 | Shoals:4 | Reached XP level 17. HP: 152/152 MP: 28/28
 24098 | Shoals:4 | Found a sacrificial altar of Ru.
 24306 | Shoals:4 | Identified the +1 helmet of Happy Babbling {rC- rCorr Int+3
                  | Dex+3}
 25290 | Snake:1  | Entered Level 1 of the Snake Pit
 25368 | Snake:1  | Reached skill level 1 in Axes
 25499 | Snake:1  | Reached skill level 2 in Axes
 25547 | Snake:1  | Reached skill level 3 in Axes
 25695 | Snake:1  | Reached skill level 4 in Axes
 26147 | Snake:2  | Reached skill level 5 in Axes
 26352 | Snake:2  | Found Fearo's Magic Scroll Shoppe.
 26362 | Snake:2  | Bought a scroll of teleportation for 36 gold pieces
 26362 | Snake:2  | Bought a scroll of teleportation for 36 gold pieces
 26362 | Snake:2  | Bought a scroll of blinking for 90 gold pieces
 26426 | Snake:2  | Reached skill level 6 in Axes
 26653 | Snake:2  | Found Liewekh's Overcharged Wands.
 26900 | Snake:3  | Noticed Aizul
 26913 | Snake:3  | Killed Aizul
 26914 | Snake:3  | Reached skill level 7 in Axes
 27192 | Snake:3  | Reached skill level 8 in Axes
 27412 | Snake:3  | Noticed Kirke
 27437 | Snake:3  | Killed Kirke
 27577 | Snake:3  | Identified Roxanne's Essays on the Rocks
 27577 | Snake:3  | Noticed Roxanne
 27706 | Snake:4  | Entered Level 4 of the Snake Pit
 27747 | Snake:4  | Reached skill level 9 in Axes
 27896 | Snake:4  | Gained mutation: Your touch may inflict irresistible damage
                  | on your foes. [demonic ancestry]
 27896 | Snake:4  | Reached XP level 18. HP: 133/166 MP: 29/29
 28099 | Snake:4  | Reached skill level 10 in Axes
 28744 | Snake:4  | Reached skill level 11 in Axes
 29078 | Snake:4  | Got a serpentine rune of Zot
 29441 | D:15     | Entered Level 15 of the Dungeon
 29525 | D:15     | Reached skill level 12 in Axes
 29757 | D:15     | Noticed Josephine
 29764 | D:15     | Killed Josephine
 30018 | D:15     | Found a bloodstained altar of Trog.
 30021 | D:15     | Found a broken altar of Ashenzari.
 30021 | D:15     | Found a shimmering altar of Xom.
 30023 | D:15     | Found a hazy altar of Hepliaklqana.
 30023 | D:15     | Found a sacrificial altar of Ru.
 30023 | D:15     | Found a basalt altar of Yredelemnul.
 30058 | D:15     | Found a staircase to the Depths.
 30075 | D:15     | Reached skill level 13 in Axes
 30398 | Vaults:1 | Entered Level 1 of the Vaults
 30696 | Elf:1    | Entered Level 1 of the Elven Halls
 30893 | Elf:1    | Learned a level 1 spell: Apportation
 31131 | Elf:1    | Reached skill level 14 in Axes
 31402 | Elf:1    | Got Irog's Volume of Rallying
 31729 | Elf:1    | Reached XP level 19. HP: 173/173 MP: 30/30
 31823 | Elf:2    | Found Viadi's Weapon Shoppe.
 31968 | Elf:2    | Reached skill level 15 in Axes
 32554 | Elf:2    | Found a runed translucent gate.
 32555 | Elf:2    | Found a runed translucent gate.
 32555 | Elf:2    | Found a runed translucent gate.
 32650 | Elf:2    | Found a runed translucent door.
 32650 | Elf:2    | Noticed Onkax's ghost (adept SpHu)
 32859 | Elf:2    | Killed Onkax's ghost
 32860 | Elf:2    | Reached skill level 16 in Axes
 33930 | Elf:3    | Entered Level 3 of the Elven Halls
 34089 | Elf:3    | Reached skill level 17 in Axes
 34277 | Elf:3    | Identified the +4 kite shield "Liloomp" {+Inv rF+ SInv}
 34434 | Elf:3    | Identified a scroll of acquirement
 34446 | Elf:3    | Paralysed by an air elemental for 1 turns
 34497 | Elf:3    | Found Xavof's Magic Scroll Emporium.
 34503 | Elf:3    | Bought a scroll of teleportation for 60 gold pieces
 34503 | Elf:3    | Bought a scroll of fear for 80 gold pieces
 34503 | Elf:3    | Bought a scroll of fear for 80 gold pieces
 34503 | Elf:3    | Bought a scroll of immolation for 80 gold pieces
 34855 | Elf:3    | Acquired the +0 hat "Adimua" {*Corrode Drain rF+++ Int+3}
 35045 | Elf:3    | Identified the +4 robe "Wuotae" {Str+5 Int-4}
 35114 | Elf:3    | Identified the +0 war axe of the Hidden Youths {heavy, rN+}
 35275 | Elf:3    | Reached skill level 18 in Axes
 35492 | Elf:3    | Found the ring of Shadows {Umbra +Inv Stlth+}
 35495 | Elf:3    | Identified the +1 halberd of Vasid {heavy, Int+3}
 35514 | Elf:3    | Identified the +11 plate armour of Beogh's Condemnation
                  | {rC+ Will+}
 35578 | Elf:3    | Got Huceil's Essays on Hyperborean Doom
 35589 | Elf:3    | Got The Last Secrets of the Rites and Rhymes
 35591 | Elf:3    | Identified the staff of earth "Kuss" {Will+ Str+3 Int-5}
 35598 | Elf:3    | Got the Elucidation of Beckoning
 35714 | Elf:3    | Reached XP level 20. HP: 172/176 MP: 12/31
 35822 | Elf:3    | Identified the +2 scale mail "Ufixkuan" {+Blink Str+4 Int+4
                  | Dex-2}
 35823 | Elf:3    | Identified the +2 pair of gloves of the Arcane {rElec
                  | Dex+3}
 35847 | Elf:3    | Identified the +0 ring mail "Masmegue" {rElec rCorr Dex-3}
 36195 | Vaults:1 | Found a runed translucent door.
 36195 | Vaults:1 | Noticed Susobas's ghost (adept DsCj)
 36203 | Vaults:1 | Noticed Zenata
 36230 | Vaults:1 | Killed Zenata
 36429 | Vaults:1 | Identified the +1 chain mail of Plog {Harm *Slow rPois
                  | Str+2}
 36834 | Vaults:1 | Reached skill level 19 in Axes
 37541 | Vaults:1 | Killed Susobas's ghost
 37880 | Vaults:2 | Got the Commentary on Torrid Toxicants
 37893 | Vaults:2 | Reached skill level 20 in Axes
 38015 | Vaults:2 | You fall into a shaft and drop 2 floors!
 38106 | Vaults:4 | Identified the +11 dagger "Hydrabane" {flame, Will+++ Str-3
                  | SInv Stlth+}
 38141 | Vaults:4 | Identified the +0 robe of Poefruff {rC+ rN+ Dex+2}
 38179 | Vaults:4 | Acquired 616 gold pieces
 38316 | Vaults:4 | Reached skill level 15 in Fighting
 39145 | Vaults:4 | Gained mutation: You are completely covered in rugged brown
                  | scales. (AC +3, +7% HP) [demonic ancestry]
 39145 | Vaults:4 | Reached XP level 21. HP: 180/196 MP: 13/32
 39473 | Vaults:3 | Reached skill level 21 in Axes
 39840 | Vaults:3 | Found Kuafokie's Assorted Antiques.
 39850 | Vaults:3 | Bought a scroll of blinking for 232 gold pieces
 39850 | Vaults:3 | Bought a scroll of blinking for 232 gold pieces
 39850 | Vaults:3 | Bought a scroll of teleportation for 93 gold pieces
 39850 | Vaults:3 | Bought a potion of mutation for 248 gold pieces
 40405 | Vaults:3 | Found a staircase to the Crypt.
 40405 | Vaults:3 | Found an ancient bone altar of Kikubaaqudgha.
 40405 | Vaults:3 | Found a basalt altar of Yredelemnul.
 40798 | Vaults:2 | Reached skill level 22 in Axes
 40899 | Vaults:2 | Identified the +5 tower shield "Cun Onudi" {rElec rF+ rN+
                  | Str+2 Int+3}
 41411 | Depths:1 | Entered Level 1 of the Depths
 41960 | Depths:1 | Found a gateway to Hell.
 41980 | Depths:1 | Found a one-way gate to the infinite horrors of the Abyss.
 42078 | Depths:1 | Found a one-way gate leading to the halls of Pandemonium.
 42193 | Depths:1 | Reached skill level 23 in Axes
 42243 | Depths:1 | Reached skill level 1 in Translocations
 42531 | Depths:1 | Gained mutation: Your touch may irresistibly damage your
                  | foes and sap their willpower. [demonic ancestry]
 42531 | Depths:1 | Reached XP level 22. HP: 204/204 MP: 33/33
 42531 | Depths:1 | dan
 42546 | Depths:1 | Found a one-way gateway to a ziggurat.
 42642 | Depths:2 | Gained mutation: You are vulnerable to cold. (rC-) [a
                  | cacodemon]
 42746 | Depths:2 | Reached skill level 5 in Translocations
 42807 | Depths:2 | Found Tewootes's Book Emporium.
 42807 | Depths:2 | Found Cifetz's Jewellery Shop.
 42808 | Depths:2 | Found Iqalipos's Book Emporium.
 42999 | Depths:2 | Found a radiant altar of Vehumet.
 43043 | Depths:2 | Noticed a shard shrike
 43043 | Depths:2 | Noticed a shard shrike
 43050 | Depths:2 | Lost mutation: You are vulnerable to cold. (rC-) [potion of
                  | mutation]
 43050 | Depths:2 | Gained mutation: Your spells are a little harder to cast,
                  | but a little more powerful. [potion of mutation]
 43050 | Depths:2 | Gained mutation: Your spells are harder to cast, but more
                  | powerful. [potion of mutation]
 43050 | Depths:2 | Gained mutation: You have a pair of small horns on your
                  | head. [potion of mutation]
 43070 | Depths:2 | Killed a shard shrike
 43086 | Depths:2 | Paralysed by a wendigo for 1 turns
 43168 | Depths:2 | Killed a shard shrike
 44045 | Depths:3 | Reached skill level 1 in Spellcasting
 44091 | Depths:3 | Identified the ring of Incredulity {EV+5 Dex+3}
 44362 | Depths:3 | Found Ifut's Weapon Emporium.
 44368 | Depths:3 | Found Haownum's Book Shoppe.
 44571 | Depths:3 | Reached skill level 5 in Spellcasting
 45003 | Depths:3 | Found Ifuej's Assorted Antiques.
 45175 | Depths:4 | Entered Level 4 of the Depths
 45216 | Depths:4 | Found Diqakk's General Store.
 45390 | Depths:4 | Noticed a golden dragon
 46170 | Depths:4 | Reached skill level 1 in Stealth
 46395 | Depths:4 | Found a gate to the Realm of Zot.
 46513 | Depths:4 | Killed a golden dragon
 46638 | D:14     | You paid a toll of +3 gold dragon scales to enter a
                  | treasure trove
 46639 | Trove    | Entered a treasure trove
 46641 | Trove    | Identified the amulet "Suaw Xie" {Faith Int+2}
 46644 | Trove    | Identified the amulet "Wyroom" {Faith Rampage rC+}
 46650 | Trove    | Identified the ring of Emminn {Fly rF+ Str+4}
 46653 | Trove    | Identified the ring of Xyfisec {Wiz rPois Str+3 Dex+2}
 46662 | Trove    | Identified the amulet "Waos" {Reflect -Tele rElec rPois
                  | SH+5 SInv}
 46666 | Trove    | Identified the ring "Arueg" {rPois rC+++ Dex-3 SInv Stlth-}
 46672 | Trove    | Identified the amulet of Noerch {Faith Rampage rC+ Str+2
                  | Int-2}
 46675 | Trove    | Identified the ring "Akesk" {Wiz rPois Stlth+}
 46679 | Trove    | Identified the amulet "Arrac" {Reflect Contam Dex+3 SH+5}
 46685 | Trove    | Identified the ring "Moarix" {rPois Str+6}
 46848 | Slime:1  | Entered Level 1 of the Pits of Slime
 46858 | Slime:1  | Gained mutation: You have hidden genetic defects. [a
                  | shining eye]
 46859 | Slime:1  | Gained mutation: You are weak. (Str -2) [a shining eye]
 47087 | Slime:2  | Reached skill level 5 in Stealth
 47092 | Slime:2  | Reached XP level 23. HP: 211/211 MP: 14/35
 47674 | Slime:5  | Entered Level 5 of the Pits of Slime
 47815 | Slime:5  | Gained mutation: You are occasionally teleported next to
                  | monsters. [hidden defects]
 47977 | Slime:5  | Noticed the Royal Jelly
 48013 | Slime:5  | Found a viscous altar of Jiyva.
 48044 | Slime:5  | Killed the Royal Jelly
 48045 | Slime:5  | Reached skill level 10 in Translocations
 48113 | Slime:5  | Identified the +4 dagger of Fortitude {heavy, rElec rCorr
                  | Str+4}
 48122 | Slime:5  | Got the Monograph on Changed Elsewhere
 48155 | Slime:5  | Identified the +2 scale mail of the Stallion {Rampage
                  | rElec}
 48170 | Slime:5  | Got a slimy rune of Zot
 48171 | Slime:5  | Identified the ring of Koomil {*Corrode rElec rC++ MP-9
                  | Str+8 Int+6}
 48197 | Slime:5  | Identified the ring of Cisiw {rC+ Dex+6}
 48212 | Slime:5  | Identified the staff of cold "Wifoned" {rC+ Will++ Int-4
                  | SInv}
 48563 | Crypt:1  | Entered Level 1 of the Crypt
 48714 | Crypt:1  | Gained mutation: Your magical capacity is low. (-10% MP)
                  | [hidden defects]
 48714 | Crypt:1  | Lost mutation: You have hidden genetic defects. [hidden
                  | defects expressed]
 48718 | Crypt:1  | Lost mutation: Your spells are harder to cast, but more
                  | powerful. [potion of mutation]
 48718 | Crypt:1  | Lost mutation: Your spells are a little harder to cast, but
                  | a little more powerful. [potion of mutation]
 48718 | Crypt:1  | Gained mutation: You have a somewhat thin skeletal
                  | structure. (Dex +2, Stealth+) [potion of mutation]
 48718 | Crypt:1  | Gained mutation: You have a pair of horns on your head.
                  | [potion of mutation]
 48718 | Crypt:1  | Gained mutation: Your flesh is cold resistant. (rC+)
                  | [potion of mutation]
 48718 | Crypt:1  | Lost mutation: You are weak. (Str -2) [potion of mutation]
 48719 | Crypt:1  | Lost mutation: Your flesh is cold resistant. (rC+) [potion
                  | of mutation]
 48719 | Crypt:1  | Lost mutation: Your magical capacity is low. (-10% MP)
                  | [potion of mutation]
 48719 | Crypt:1  | Lost mutation: You are occasionally teleported next to
                  | monsters. [potion of mutation]
 48725 | Crypt:1  | Lost mutation: You have a somewhat thin skeletal structure.
                  | (Dex +2, Stealth+) [potion of mutation]
 48725 | Crypt:1  | Lost mutation: You have a pair of horns on your head.
                  | [potion of mutation]
 48725 | Crypt:1  | Gained mutation: You are agile. (Dex +4, Str/Int -1)
                  | [potion of mutation]
 48725 | Crypt:1  | Gained mutation: You expend magic power (3 MP) to
                  | strengthen your wands. [potion of mutation]
 48725 | Crypt:1  | Gained mutation: Your muscles are strong. (Str +4, Int/Dex
                  | -1) [potion of mutation]
 48725 | Crypt:1  | Gained mutation: You have sharp toenails. [potion of
                  | mutation]
 48876 | Crypt:1  | Identified the +3 leather armour "Rauleg" {+Blink Str+3
                  | Int+2 Stlth-}
 48882 | Crypt:1  | Identified the +1 dagger of Ruination {freeze, rElec rF+++
                  | Dex-5 SInv}
 49001 | Crypt:1  | Reached skill level 24 in Axes
 49081 | Crypt:1  | Found a basalt altar of Yredelemnul.
 49439 | Crypt:1  | Found a runed translucent door.
 49440 | Crypt:1  | Noticed Dihet's ghost (veteran MiBe)
 49650 | Crypt:1  | Killed Dihet's ghost
 50225 | Crypt:2  | Identified the +1 cloak "Igohunit" {-Cast +Inv rF- Dex+8}
 50381 | Crypt:2  | Reached skill level 10 in Dodging
 50553 | Crypt:3  | Entered Level 3 of the Crypt
 50830 | Crypt:3  | Found a staircase to the Tomb.
 51185 | Crypt:3  | Reached XP level 24. HP: 207/221 MP: 9/35
 51519 | Crypt:3  | Noticed a royal mummy
 51536 | Crypt:3  | Killed a royal mummy
 51632 | Crypt:3  | Found a basalt altar of Yredelemnul.
 51639 | Crypt:3  | Found an ancient bone altar of Kikubaaqudgha.
 51720 | Crypt:3  | Identified the +6 mace of Honesty {heavy, rC- Int+3 Stlth+}
 51736 | Crypt:3  | Found the +10 morningstar "Eos" {elec, Halo rElec}
 51744 | Crypt:3  | Identified the +4 scimitar "Fagefris" {drain, Contam rCorr
                  | Str+2 Int+2}
 51755 | Crypt:3  | Identified the staff of conjuration "Genol" {Fragile rElec
                  | Int+3 SInv}
 51907 | Tomb:1   | Entered Level 1 of the Tomb of the Ancients
 52394 | Crypt:3  | Learned a level 2 spell: Momentum Strike
 52520 | Vaults:5 | Entered Level 5 of the Vaults
 52527 | Vaults:5 | Reached skill level 15 in Invocations
 52902 | Vaults:5 | Got a silver rune of Zot
 52903 | Vaults:5 | Identified the staff of earth "Amess" {rC+}
 53031 | Vaults:5 | Identified the +10 quarterstaff of Ascent {protect, rPois
                  | rN++ rCorr Int-2}
 53292 | Vaults:5 | Got Kotap's Papyrus of Ensorcelling and Detritus
 53336 | Vaults:5 | Identified the staff of earth "Ysihohof" {Contam rF+ Int+2}
 53481 | Vaults:5 | Identified the +0 helmet of Yredelemnul's Hatred {rPois rC+
                  | Str-4 Stlth+}
 53539 | Vaults:5 | Noticed a dread lich
 53554 | Vaults:5 | Killed a dread lich
 53708 | Vaults:5 | Learned a level 4 spell: Passage of Golubria
 53712 | Vaults:5 | Learned a level 3 spell: Swiftness
 53846 | Vaults:5 | Identified the staff of fire "Efamaith" {rPois rF+ Str+2}
 53869 | Vaults:5 | Noticed an ancient lich
 53889 | Vaults:5 | Killed an ancient lich
 53912 | Vaults:5 | Got the Almanac of Power
 54493 | Pan      | Entered Pandemonium
 54551 | Pan      | Found an exit through the horrors of the Abyss.
 55408 | Pan      | Gained mutation: You are very robust. (+20% HP) [demonic
                  | ancestry]
 55408 | Pan      | Reached XP level 25. HP: 134/247 MP: 10/37
 55473 | Pan      | Identified the +0 tower shield "Kiowuoxt" {rElec Regen+
                  | Str-2 Dex+2}
 55523 | Pan      | HP: 5/247 [apis (26)]
 56601 | Pan      | Acquired the +7 crystal plate armour of Nemelex Xobeh's
                  | Pride {rElec Stlth+}
 57500 | Pan      | Identified the +5 ring mail of Existentialism {Rampage
                  | rElec}
 60261 | Pan      | Identified the +1 quarterstaff of Truth {holy, Int+3}
 60261 | Pan      | Noticed a seraph
 60924 | Pan      | Identified the +1 great sword of the Ship {heavy, rElec}
 61110 | Pan      | Identified the +1 tower shield of Immorality {Regen+ rCorr
                  | Dex+2}
 61143 | Pan      | Reached skill level 1 in Air Magic
 61678 | Pan      | Got a demonic rune of Zot
 61762 | Pan      | HP: 5/252 [daeva/divine providence (10)]
 61771 | Pan      | HP: 11/252 [daeva/divine providence (9)]
 61780 | Pan      | HP: 12/252 [daeva/divine providence (8)]
 61849 | Depths:1 | Escaped Pandemonium
 62724 | Zot:1    | Entered Level 1 of the Realm of Zot
 63228 | Zot:1    | Reached skill level 5 in Throwing
 63606 | Zot:1    | Noticed Vv
 63640 | Zot:1    | Killed Vv
 63914 | Zot:1    | Reached XP level 26. HP: 230/261 MP: 13/37
 64225 | Zot:1    | You fall into a shaft and drop 1 floor!
 64905 | Zot:2    | Noticed Parghit
 64921 | Zot:2    | Killed Parghit
 65325 | Zot:3    | Reached skill level 10 in Throwing
 65795 | Zot:3    | Noticed an orb of fire
 65802 | Zot:3    | Killed an orb of fire
 66270 | Zot:4    | Found a transporter.
 66304 | Zot:4    | Learned a level 7 spell: Enfeeble
 66323 | Zot:4    | Noticed Sorch's ghost (legendary GrMo)
 66335 | Zot:4    | Reached skill level 1 in Hexes
 66420 | Zot:4    | Noticed Calu's ghost (legendary KoHu)
 66421 | Zot:4    | Noticed an orb of fire
 66436 | Zot:4    | Found a transporter.
 66838 | Zot:4    | Reached skill level 5 in Hexes
 67280 | Zot:5    | Entered Level 5 of the Realm of Zot
 67286 | Zot:5    | Noticed an orb of fire
 67286 | Zot:5    | Noticed an orb of fire
 67286 | Zot:5    | Noticed an orb of fire
 67291 | Zot:5    | Gained mutation: You occasionally lose the ability to drink
                  | potions when taking damage. [an orb of fire]
 67293 | Zot:5    | Gained mutation: You have hidden genetic defects. [an orb
                  | of fire]
 67296 | Zot:5    | Gained mutation: Your mind is acute. (Int +4, Str/Dex -1)
                  | [an orb of fire]
 67297 | Zot:5    | Lost mutation: Your mind is acute. (Int +4, Str/Dex -1) [an
                  | orb of fire]
 67300 | Zot:5    | Gained mutation: Potions are less effective at restoring
                  | your health. [an orb of fire]
 67302 | Zot:5    | Gained mutation: You have terrible hidden genetic defects.
                  | [an orb of fire]
 67305 | Zot:5    | Killed an orb of fire
 67306 | Zot:5    | Lost mutation: You are agile. (Dex +4, Str/Int -1) [an orb
                  | of fire]
 67316 | Zot:5    | Killed an orb of fire
 67316 | Zot:5    | Gained mutation: Your spells are a little easier to cast,
                  | but a little less powerful. [an orb of fire]
 67317 | Zot:5    | Gained mutation: You occasionally lose the ability to read
                  | scrolls when taking damage. [an orb of fire]
 67322 | Zot:5    | Gained mutation: Your body sometimes deteriorates upon
                  | taking damage. [an orb of fire]
 67323 | Zot:5    | Killed an orb of fire
 67346 | Zot:4    | Lost mutation: Potions are less effective at restoring your
                  | health. [potion of mutation]
 67346 | Zot:4    | Lost mutation: You have terrible hidden genetic defects.
                  | [potion of mutation]
 67346 | Zot:4    | Lost mutation: Your muscles are strong. (Str +4, Int/Dex
                  | -1) [potion of mutation]
 67347 | Zot:4    | Lost mutation: You have hidden genetic defects. [potion of
                  | mutation]
 67347 | Zot:4    | Lost mutation: You occasionally lose the ability to drink
                  | potions when taking damage. [potion of mutation]
 67347 | Zot:4    | Gained mutation: Your system is resistant to poisons.
                  | (rPois) [potion of mutation]
 67347 | Zot:4    | Gained mutation: You are strong-willed. (Will+) [potion of
                  | mutation]
 67378 | Zot:3    | Lost mutation: You expend magic power (3 MP) to strengthen
                  | your wands. [potion of mutation]
 67378 | Zot:3    | Lost mutation: Your spells are a little easier to cast, but
                  | a little less powerful. [potion of mutation]
 67378 | Zot:3    | Gained mutation: Your mind is acute. (Int +4, Str/Dex -1)
                  | [potion of mutation]
 67379 | Zot:3    | Lost mutation: You have a pair of small horns on your head.
                  | [potion of mutation]
 67379 | Zot:3    | Lost mutation: Your mind is acute. (Int +4, Str/Dex -1)
                  | [potion of mutation]
 67379 | Zot:3    | Gained mutation: You sometimes lose the ability to read
                  | scrolls when taking damage. [potion of mutation]
 67379 | Zot:3    | Gained mutation: You are weak. (Str -2) [potion of
                  | mutation]
 67379 | Zot:3    | Gained mutation: Your mind is acute. (Int +4, Str/Dex -1)
                  | [potion of mutation]
 67380 | Zot:3    | Lost mutation: Your mind is acute. (Int +4, Str/Dex -1)
                  | [potion of mutation]
 67380 | Zot:3    | Lost mutation: You are strong-willed. (Will+) [potion of
                  | mutation]
 67380 | Zot:3    | Gained mutation: You sometimes lose your temper in combat.
                  | [potion of mutation]
 67380 | Zot:3    | Gained mutation: You are clumsy. (Dex -2) [potion of
                  | mutation]
 67381 | Zot:3    | Lost mutation: You sometimes lose your temper in combat.
                  | [potion of mutation]
 67381 | Zot:3    | Lost mutation: Your system is resistant to poisons. (rPois)
                  | [potion of mutation]
 67381 | Zot:3    | Lost mutation: Your body sometimes deteriorates upon taking
                  | damage. [potion of mutation]
 67381 | Zot:3    | Gained mutation: You expend magic power (3 MP) to
                  | strengthen your wands. [potion of mutation]
 67382 | Zot:3    | Lost mutation: You are clumsy. (Dex -2) [potion of
                  | mutation]
 67382 | Zot:3    | Lost mutation: You are weak. (Str -2) [potion of mutation]
 67382 | Zot:3    | Lost mutation: You expend magic power (3 MP) to strengthen
                  | your wands. [potion of mutation]
 67382 | Zot:3    | Gained mutation: Potions are less effective at restoring
                  | your health. [potion of mutation]
 67382 | Zot:3    | Gained mutation: Your spells are a little harder to cast,
                  | but a little more powerful. [potion of mutation]
 67383 | Zot:3    | Lost mutation: Potions are less effective at restoring your
                  | health. [potion of mutation]
 67383 | Zot:3    | Lost mutation: You sometimes lose the ability to read
                  | scrolls when taking damage. [potion of mutation]
 67383 | Zot:3    | Lost mutation: You occasionally lose the ability to read
                  | scrolls when taking damage. [potion of mutation]
 67383 | Zot:3    | Gained mutation: Your spells are harder to cast, but more
                  | powerful. [potion of mutation]
 67383 | Zot:3    | Gained mutation: You have hidden genetic potential. [potion
                  | of mutation]
 67383 | Zot:3    | Gained mutation: You have a beak for a mouth. [potion of
                  | mutation]
 67469 | Hell     | Entered the Vestibule of Hell
 67473 | Hell     | Noticed Geryon
 67674 | Hell     | Killed Geryon
 67694 | Hell     | Reached skill level 10 in Hexes
 67841 | Hell     | Found a gateway to the Iron City of Dis.
 68166 | Hell     | Gained mutation: You are extremely robust. (+30% HP)
                  | [demonic ancestry]
 68166 | Hell     | Reached XP level 27. HP: 256/290 MP: 15/37
 68189 | Hell     | Found a gateway to the ashen valley of Gehenna.
 68363 | Hell     | Found a gateway to the decaying netherworld of Tartarus.
 68420 | Hell     | Found a gateway to the freezing wastes of Cocytus.
 68588 | Pan      | Entered Pandemonium
 68772 | Pan      | Gained mutation: You occasionally shout uncontrollably at
                  | your foes. [a neqoxec]
 68974 | Pan      | Entered the realm of Gloorx Vloq.
 69395 | Pan      | Noticed Gloorx Vloq
 69530 | Pan      | Got a dark rune of Zot
 69544 | Pan      | Noticed Mennas
 69720 | Depths:1 | Escaped Pandemonium
 69863 | Zig:1    | Entered Level 1 of a ziggurat
 69880 | Zig:2    | Entered Level 2 of a ziggurat
 69880 | Zig:2    | Noticed a royal mummy
 69892 | Zig:2    | Killed a royal mummy
 69908 | Zig:3    | Entered Level 3 of a ziggurat
 69935 | Zig:3    | Identified the +4 scale mail "Ijauti" {Rampage rC+++ Str-3
                  | Dex-2}
 69941 | Zig:4    | Entered Level 4 of a ziggurat
 69960 | Zig:4    | Reached skill level 15 in Hexes
 69980 | Zig:4    | Identified the +9 hand axe of Youthful Indiscretion
                  | {freeze, *Slow rCorr Int+2}
 70001 | Zig:5    | Entered Level 5 of a ziggurat
 70020 | Zig:5    | Identified the +10 crystal plate armour of the Telling Gods
                  | {+Blink rPois Str+3}
 70033 | Zig:5    | Identified the staff of fire "Qiesukko" {rPois rF+ rC+}
 70045 | Zig:6    | Entered Level 6 of a ziggurat
 70050 | Zig:6    | Noticed a juggernaut
 70050 | Zig:6    | Noticed a juggernaut
 70067 | Zig:6    | Killed a juggernaut
 70070 | Zig:6    | Killed a juggernaut
 70075 | Zig:6    | Identified the +1 fire dragon scales of Least Resistance
                  | {rF++ rC- Int+3}
 70193 | Zig:7    | Entered Level 7 of a ziggurat
 70249 | Zig:8    | Entered Level 8 of a ziggurat
 70255 | Zig:8    | Found the +6 Majin-Bo {spellvamp, MP+6 Int+6}
 70256 | Zig:8    | Noticed a royal mummy
 70272 | Zig:8    | Killed a royal mummy
 70285 | Zig:8    | Identified the +0 scale mail "Seonneez" {Will+ Slay+2}
 70291 | Zig:8    | Identified the +1 leather armour of Eqoneg {Fly Str+2
                  | Int+2}
 70298 | Zig:9    | Entered Level 9 of a ziggurat
 70305 | Zig:9    | Found the +5 scythe "Finisher" {speed, execute}
 70361 | Zig:9    | Identified the +9 great mace of Araen {pain, Drain rPois
                  | Will++ MP+9}
 70364 | Zig:10   | Entered Level 10 of a ziggurat
 70399 | Zig:10   | Got Beikho's Excursus on Morbid Evolution
 70401 | Zig:10   | Identified the +1 chain mail "Egrag" {rN+}
 70427 | Zig:11   | Entered Level 11 of a ziggurat
 70442 | Zig:11   | Paralysed by an air elemental for 1 turns
 70460 | Zig:11   | Gained mutation: You possess an exceptional clarity of
                  | mind. [hidden potential]
 70579 | Zig:11   | Identified the +1 double sword of Ceamiusu {venom, rElec
                  | rN++}
 70586 | Zig:11   | Identified the staff of air "Dozacose" {Fragile rElec rC+
                  | Will+ Str+5}
 70625 | Zig:12   | Entered Level 12 of a ziggurat
 70658 | Zig:12   | Slain by an orc warlord

Illustrated notes ............... ........... ... ............... ....l...... . ......#B.... #.....#.... #.....#♣P. #.@..P.... #PP.P..... ##.P♣.♣..♣ .... ~♣ . ...~~ ~. ...♣~~~ ♣. .♣P~♣~~~ ...♣. ~♣~. Turn 14409 on Lair:5: L:5 reached

###..#.##.....
#..#.##......# ####
##.##...∩.....
#...####.###........
#..###...........
#...######.......
#.##.####.###....
###.###..#....###..
#.@.# #..[.....##..
#....C..## ##...#....#..
#..#...###########.⌠.#..
# ....##......)......#..
#...###......⌠......##.#
#.#. #.............##.^.
. # #.⌠.###########.#..
#..................
###.................


Turn 42531 on Depths:1: dan

Levels and vault maps discovered:
D:1:      lemuel_arrival_rhombus, layout_basic, serial_shops, shop,
          shapermc_ecumenical_altar_petra, serial_bayou_lagoon_a
D:2:      layout_rooms, minmay_misc_feat_pillars, minmay_misc_feat_ornament,
          uniq_robin
D:3:      layout_basic, nicolae_overflow_hidden_temple,
          hangedman_abyss_or_decor_stabs, skrybe_limestone_x,
          grunt_ministairs_13, minmay_hedge_maze
D:4:      kennysheep_goblin_castle, layout_basic,
          nicolae_overflow_two_pavilions, minmay_temple_entry_proselytizer,
          kennysheep_opposing_triangles, uniq_sigmund
D:5:      layout_gridville, kennysheep_generic_room_5, uniq_prince_ribbit1
D:6:      layout_layer_cave, mainiacjoe_overflow_six_doors_small,
          lemuel_tele_altar, minmay_fractal_squares_5
D:7:      layout_cave_pools, wad_mini_maze, uniq_joseph
D:8:      layout_gridville, lemuel_crystal_altar, enter_ossuary_2
D:9:      layout_big_octagon, chequers_avenue, minmay_misc_feat_plants,
          nicolae_elevator_lobby_asterisk, uniq_erica
D:10:     layout_rooms, serial_shops, nicolae_shop_stone
D:11:     layout_small_grid, dpeg_lair_monsters, david_orc_4,
          chequers_serial_rivers_large_b, uniq_fannar
D:12:     layout_grid_maze, ebering_ghost_inner_flame,
          minmay_misc_feat_nine_boxes
D:13:     layout_basic, minmay_librarian
D:14:     layout_rooms, lightli_vaults_fourway_checkpoint,
          kennysheep_decorative_pillar, nicolae_trove_entry_crossroad,
          serial_shops, shop, nicolae_shop_waterfront
D:15:     hangedman_depths_entry_try_elsewhere_first, layout_stronghold,
          serial_column_ruins, column_ruins_hut_pillars,
          column_ruins_open_small, column_ruins_columns_corner,
          column_ruins_corridor_dead_end, column_ruins_columns_dead_end,
          doesnt_xom_only_xom, uniq_josephine
Temple:   nicolae_temple_x_marks_the_god
Lair:1:   statuecave_lemuel, layout_cave_pods, gauntlet_entry_generic, uniq_urug
Lair:2:   layout_cave_shapes, minmay_shoals_entry_beasts, gammafunk_ghost_grave,
          uniq_harold
Lair:3:   layout_gridlike, nicolae_snake_entry_squirm, special_room
          [special_room_bee]
Lair:4:   layout_regular_city, slime_entry_1, ebering_ghost_disaster_area,
          kennysheep_basilisk_garden
Lair:5:   wormcave, layout_hall_layers, serial_bayou_pond_a,
          nicolae_lair_grazing_beasts [nicolae_sub_lair_graze_edge,
          nicolae_sub_lair_graze_edge, nicolae_sub_lair_graze_edge,
          nicolae_sub_lair_graze_edge]
Shoals:1: layout_shoals, gammafunk_ghost_berserking_beasts
Shoals:2: layout_shoals, serial_shops, nicolae_shop_trees, uniq_polyphemus
Shoals:3: layout_shoals, serial_shops, bzr_entry_lakeside,
          nicolae_shoals_water_booths
Shoals:4: shoals_end_grunt_ice, layout_shoals, lemuel_centaur_altar
Snake:1:  layout_rooms, serial_bayou_shore_a, grunt_megastairs_4
Snake:2:  layout_onion_interference, serial_shops, shop,
          nicolae_shop_overcharged_wands, serial_bayou_shore_b,
          grunt_megastairs_2
Snake:3:  layout_honeycomb, st_stairs_10, uniq_roxanne, uniq_kirke, uniq_aizul
Snake:4:  minmay_snake_end_coiled, layout_cave_town, st_stairs_14,
          nicolae_snake_snake_lake, grunt_ministairs_15
Slime:1:  layout_caves
Slime:2:  layout_caves
Slime:3:  layout_caves
Slime:4:  layout_caves
Slime:5
Orc:1:    gammafunk_beogh_shrine, layout_caves, enter_volcano_3,
          gammafunk_ghost_necromancy
Orc:2:    grunt_orc_gardens, layout_caves, grunt_orc_garden, grunt_orc_garden,
          grunt_orc_garden, grunt_orc_garden, basic_altar
Elf:1:    minmay_elf_arrival_plus, layout_geoelf_grid, minmay_elf_sorcery,
          nrook_mini_backslash, grunt_ministairs_7, lemuel_upstairs_altar
Elf:2:    nicolae_elf_blades_crystal_corner, layout_geoelf_diagonals,
          serial_shops, nicolae_shop_temple_entry_statues_fountains,
          gammafunk_ghost_grave
Elf:3:    minmay_elf_hall, layout_gridlike, serial_shops, shop
Vaults:1: gammafunk_ghost_grave, st_check, v_misc_26, v_rooms_1,
          ontoclasm_vaults_bender, ontoclasm_vaults_hangar,
          ontoclasm_vaults_spin, vaults_room_grunt_arrival_ludios,
          hangedman_vaults_corner_blocks, layout_vaults_ring, uniq_zenata
Vaults:2: hangedman_vaults_stream, vaults_room_large_hall, grunt_vaults_bifocal,
          nicolae_vaults_windows_and_doors_thing, hangedman_vaults_maws,
          nicolae_vaults_network_s, v_misc_29, v_alt_pattern_1,
          ontoclasm_vaults_ring_square, ontoclasm_vaults_ligature, v_misc_23,
          vaults_dpeg_ring, v_misc_27, ontoclasm_vaults_hangar,
          layout_vaults_omnicross
Vaults:3: v_misc_13, ontoclasm_vaults_ring_square, grunt_vaults_funnel,
          minmay_crypt_entry_necro_gods, grunt_vaults_focal,
          vaults_room_guarded_vault, ontoclasm_vaults_twist, v_misc_24,
          vaults_room_stairs_pillars, v_misc_23, v_misc_28, vaults_room_hallway,
          nicolae_vaults_little_squares_4, ontoclasm_vaults_pinch,
          vaults_dpeg_diagonal, grunt_vaults_hallway_short,
          layout_vaults_maze_snakey, serial_shops, shop
Vaults:4: v_pattern_3, v_rooms_6, hangedman_vaults_restitches, v_misc_2,
          grunt_vaults_trifunnel, nicolae_vaults_statue_guard,
          ontoclasm_vaults_claustrophobia, nicolae_vaults_little_squares_3,
          layout_vaults_chaotic_city
Vaults:5
Crypt:1:  layout_regular_city, serial_glass, glass_columns_a, glass_columns_a,
          feat_on_display, minmay_strange_pillars, due_unseen_surprise,
          gammafunk_ghost_grave, st_stairs_9, lemuel_hellish_altar
Crypt:2:  layout_misc_corridors, grunt_megastairs_3,
          roderic_lattice_octagonal_star
Crypt:3:  lightli_unholy_cathedral, layout_chaotic_city,
          tomb_entry_shell_bobbens, grunt_ministairs_4, due_unseen_surprise
Tomb:1
Depths:1: layout_cave_shapes, enter_ziggurat_d, hangedman_coc_ice_floe,
          pan_entry, abyss_entry, elyvilon_altar_4, nicolae_triple_integral
Depths:2: dreamdust_isle_of_ice, layout_long_grid, grunt_pan_entry_sceptre,
          nicolae_vehumet_altar_sigil, hell_entry, dreamdust_looks_like_rain,
          minmay_shop_grove, infiniplex_staircase_zigzag_1
Depths:3: evilmike_horseshoe, layout_basic, hell_entry,
          abyss_entry_small_statue_room, hangedman_abyss_or_decor_slice,
          serial_shops, nicolae_shop_overgrown_old_shop,
          infiniplex_staircase_pool_2, minmay_shoptagon
Depths:4: evilmike_zot_entry_basic, layout_gridlike, minmay_misc_feat_doors,
          serial_shops, nicolae_shop_stone, hangedman_abyss_entry_splay,
          grunt_metal_band
Hell
Zot:1:    kennysheep_blocky_hall, layout_cathedral_of_symmetry,
          grunt_ministairs_10, uniq_vv
Zot:2:    layout_onion, lemuel_flame_loot_1, uniq_parghit
Zot:3:    layout_gridlike
Zot:4:    layout_concentric_octagons, nzn_ghost_randoct
Zot:5:    layout_basic, lemuel_lake_of_fire
Zig:12

Skill      XL: |  1  2  3  4  5  6  7  8  9 10 11 12 13 14 15 16 17 18 19 20 21 22 23 24 25 26 27 |
---------------+----------------------------------------------------------------------------------+-----
Long Blades    | 3 4 7 11 12 | 12.7
Fighting       | 3 4 5 8 9 10 12 13 15 16 | 16.5
Short Blades   | 3 5 7 9 |  9.4
Dodging        | 3 4 5 6 7 11 13 | 13.0
Evocations     | 2 3 10 | 10.0
Armour         | 4 8 11 12 15 16 18 19 20 | 20.9
Invocations    | 4 6 8 13 14 21 | 21.0
Axes           | 9 14 18 20 23 24 | 24.0
Translocations | 3 8 10 | 10.0
Spellcasting   | 8 |  8.6
Stealth        | 5 7 |  7.4
Air Magic      | 3 |  3.6
Throwing       | 7 10 | 10.0
Hexes          | 11 15 | 15.7

Action                     |  1- 3 |  4- 6 |  7- 9 | 10-12 | 13-15 | 16-18 | 19-21 | 22-24 | 25-27 || total
---------------------------+-------+-------+-------+-------+-------+-------+-------+-------+-------++-------
  Melee: Long sword        |    57 |    39 |       |       |       |       |       |       |       ||    96
         Dagger            |       |   204 |   328 |    14 |    39 |       |       |       |       ||   585
         Punch             |       |     1 |     5 |     6 |    24 |    19 |       |       |       ||    55
         Touch             |       |       |    83 |   110 |   251 |   302 |    14 |       |       ||   760
         Scimitar          |       |       |    16 |   568 |  1146 |  1330 |       |       |       ||  3060
         Broad axe         |       |       |       |       |       |   164 |    94 |       |       ||   258
         Battleaxe         |       |       |       |       |       |       |  1802 |   918 |       ||  2720
         Headbutt          |       |       |       |       |       |       |       |   695 |   509 ||  1204
         Executioner's axe |       |       |       |       |       |       |       |  1143 |  2271 ||  3414
         Peck              |       |       |       |       |       |       |       |       |   238 ||   238
  Throw: Throwing net      |       |       |     4 |     3 |       |       |       |       |     1 ||     8
         Javelin           |       |       |     2 |     2 |       |       |       |       |     4 ||     8
         Dart              |       |       |       |     3 |       |       |       |     1 |       ||     4
   Cast: Blink             |       |       |       |       |       |       |       |     2 |    14 ||    16
         Apportation       |       |       |       |       |       |       |       |     4 |     5 ||     9
         Momentum Strike   |       |       |       |       |       |       |       |       |     7 ||     7
         Passage of Golubr |       |       |       |       |       |       |       |       |     6 ||     6
         Swiftness         |       |       |       |       |       |       |       |       |     1 ||     1
 Invoke: Minor Destruction |       |       |       |    12 |       |       |       |       |       ||    12
         Lesser Servant of |       |       |       |     2 |     7 |     3 |     5 |     3 |    23 ||    43
         Greater Servant o |       |       |       |       |     1 |     8 |       |     7 |    11 ||    27
         Major Destruction |       |       |       |       |       |       |       |       |     3 ||     3
  Evoke: Wand              |       |       |     8 |    11 |     1 |    26 |       |     9 |    25 ||    80
         Box of beasts     |       |       |       |       |       |     5 |     4 |     6 |     3 ||    18
         Phantom mirror    |       |       |       |       |       |       |     6 |     6 |     4 ||    16
         Tin of tremorston |       |       |       |       |       |       |     4 |     4 |    12 ||    20
         Condenser vane    |       |       |       |       |       |       |     1 |     6 |     9 ||    16
    Use: Scroll            |       |       |       |       |    39 |    13 |     9 |    11 |    31 ||   103
         Potion            |       |       |       |       |     3 |    11 |     5 |     9 |    40 ||    68
   Stab: Sleeping          |     1 |     1 |       |       |       |       |       |       |       ||     2
         Held in net/web   |       |       |     2 |       |       |       |       |       |       ||     2
         Distracted        |       |       |       |     1 |     1 |     1 |     1 |     7 |     4 ||    15
         Petrified         |       |       |       |       |       |     1 |       |       |     9 ||    10
         Paralysed         |       |       |       |       |       |       |       |     1 |       ||     1
 Armour: Leather armour    |    23 |    57 |    19 |       |       |       |       |       |       ||    99
         Chain mail        |       |       |   133 |   396 |   359 |       |       |       |       ||   888
         Plate armour      |       |       |       |       |   574 |  1204 |  1157 |  1007 |  1565 ||  5507
         Crystal plate arm |       |       |       |       |       |       |       |       |   215 ||   215
  Dodge: Dodged            |    49 |   122 |   103 |   304 |   522 |   402 |   709 |   917 |  1227 ||  4355
  Block: Other             |    10 |    37 |    28 |    84 |   271 |   543 |   592 |   616 |   853 ||  3034
         Reflection        |       |       |       |       |    20 |    60 |    32 |     9 |    15 ||   136

Table legend: (Time is in decaauts)
 A = Elapsed time spent in this place.
 B = Non-inter-level travel time spent in this place.
 C = Inter-level travel time spent in this place.
 D = Time resting spent in this place.
 E = Time spent auto-exploring this place.
 F = Levels seen in this place.
 G = Mean time per level.
                   A        B        C        D        E       F      G
               +--------+--------+--------+--------+--------+-----+--------+
         Total |  68397 |  62703 |   5694 |   9350 |  33634 |  79 |  865.8 |
       Dungeon |  14530 |  12433 |   2097 |    590 |   9181 |  15 |  968.7 |
        Temple |    179 |    172 |      7 |      0 |    168 |   1 |  179.0 |
          Lair |   5422 |   4861 |    561 |    109 |   3660 |   5 | 1084.4 |
        Shoals |   4491 |   4226 |    265 |    652 |   1270 |   4 | 1122.8 |
     Snake Pit |   3764 |   3537 |    227 |    175 |   2445 |   4 |  941.0 |
    Slime Pits |   1335 |   1226 |    109 |    181 |    501 |   5 |  267.0 |
  Orcish Mines |   1578 |   1331 |    247 |    101 |    693 |   2 |  789.0 |
   Elven Halls |   5087 |   4791 |    296 |    762 |   2119 |   3 | 1695.7 |
        Vaults |   7508 |   6549 |    959 |    347 |   4589 |   5 | 1501.6 |
         Crypt |   3159 |   3013 |    146 |    174 |   1941 |   3 | 1053.0 |
          Tomb |    464 |    464 |      0 |     41 |     51 |   1 |  464.0 |
        Depths |   5741 |   5150 |    591 |    990 |   2893 |   4 | 1435.2 |
          Hell |    780 |    720 |     60 |     24 |    311 |   1 |  780.0 |
           Zot |   4514 |   4390 |    124 |    364 |   3037 |   5 |  902.8 |
   Pandemonium |   8037 |   8037 |      0 |   4507 |    479 |   4 | 2009.2 |
      Ziggurat |    756 |    756 |      0 |    259 |     33 |  12 |   63.0 |
        Bazaar |     83 |     83 |      0 |      0 |     22 |   1 |   83.0 |
         Trove |     53 |     53 |      0 |      0 |     20 |   1 |   53.0 |
       Ossuary |    210 |    210 |      0 |      0 |    134 |   1 |  210.0 |
       Volcano |    290 |    290 |      0 |      0 |     85 |   1 |  290.0 |
      Gauntlet |    406 |    406 |      0 |     71 |      0 |   1 |  406.0 |
               +--------+--------+--------+--------+--------+-----+--------+

Top non-repeatable levels by time:
   Elf:2: 2098 daAuts
Vaults:1: 1849 daAuts
   Elf:3: 1847 daAuts
    D:11: 1762 daAuts
Vaults:5: 1567 daAuts
   Zot:1: 1565 daAuts
     D:6: 1560 daAuts
Vaults:4: 1548 daAuts
Shoals:4: 1540 daAuts
Depths:1: 1530 daAuts
Depths:3: 1484 daAuts
Depths:4: 1378 daAuts
 Crypt:3: 1349 daAuts
Depths:2: 1347 daAuts
Vaults:3: 1284 daAuts
